TL
SHREVEPORT BRAVES @ EL PASO SUN KINGS
06/29/1982
 
TOP OF THE 1ST
Shreveport Braves batting - Pitching for El Paso Sun Kings : RHP Charlie Puleo
Pitching: RHP Charlie Puleo
Batting: LHB Rusty McNealy 0-0: Ball
1-0: Called Strike
1-1: Ball
2-1: Ball
3-1: Ground out 4-3 (Groundball, 4, EV 110.6 MPH)
Batting: LHB Jim Watkins 0-0: Fly out, F8 (Line Drive, 8LD, EV 86.3 MPH)
Batting: RHB Alfonso Gomez 0-0: DOUBLE (Flyball, 8LXD, EV 99.4 MPH)
Batting: LHB Ronald Walker 0-0: Foul Ball, location: 2F
0-1: Ball
1-1: Ball
2-1: Ball
3-1: Fly out, F8 (Flyball, 8LS, EV 89.4 MPH)
Top of the 1st over - 0 runs, 1 hit, 0 errors, 1 left on base; Shreveport 0 - El Paso 0
BOTTOM OF THE 1ST
El Paso Sun Kings batting - Pitching for Shreveport Braves : RHP Ken Dixon
Pitching: RHP Ken Dixon
Batting: LHB Stanley Hendrickson 0-0: Foul Ball, location: 2F
0-1: Ball
1-1: Ball
2-1: Foul Ball, location: 2F
2-2: Ground out 4-3 (Groundball, 4, EV 84.4 MPH)
Batting: SHB Keith Thrower 0-0: Called Strike
0-1: Fly out, F7 (Flyball, 78M, EV 74.4 MPH)
Batting: RHB Chuckie Canady 0-0: Called Strike
0-1: Ball
1-1: Fly out, F3 (Popup, 3SF, EV 63.8 MPH)
Bottom of the 1st over - 0 runs, 0 hits, 0 errors, 0 left on base; Shreveport 0 - El Paso 0
TOP OF THE 2ND
Shreveport Braves batting - Pitching for El Paso Sun Kings : RHP Charlie Puleo
Batting: RHB Glenn Walker 0-0: Called Strike
0-1: Fly out, F9 (Flyball, 89S, EV 94.4 MPH)
Batting: RHB Scott Ullger 0-0: Ball
1-0: Called Strike
1-1: Fly out, F8 (Flyball, 8RXD, EV 101.3 MPH)
Batting: RHB Les Pearsey 0-0: Ball
1-0: Ball
2-0: SINGLE (Flyball, 7LS, EV 92.5 MPH)
Batting: RHB Jeff Matthews 0-0: Called Strike
0-1: Foul Ball, location: 2F
0-2: Foul Ball, location: 2F
0-2: Fielders Choice at 2nd, 5-4 (Groundball, 5L, EV 100.6 MPH)
Top of the 2nd over - 0 runs, 1 hit, 0 errors, 1 left on base; Shreveport 0 - El Paso 0
BOTTOM OF THE 2ND
El Paso Sun Kings batting - Pitching for Shreveport Braves : RHP Ken Dixon
Batting: LHB Franklin Lopez 0-0: Ball
1-0: Ball
2-0: Ball
3-0: Called Strike
3-1: Called Strike
3-2: Ground out 4-3 (Groundball, 4, EV 85.0 MPH)
Batting: SHB Danny Torres 0-0: Ball
1-0: Called Strike
1-1: Ball
2-1: Ball
3-1: Base on Balls
Batting: RHB Mike Anicich 0-0: Foul Ball, location: 2F
0-1: Swinging Strike
0-2: Ball
1-2: Foul Ball, location: 2F
1-2: SINGLE (Line Drive, 3D, EV 95.6 MPH)
Danny Torres to second
Runner from 2nd tries for 3rd, SAFE, no throw by RF
Batting: SHB Wayne Stone 0-0: Ball
1-0: Swinging Strike
1-1: Ball
2-1: Fly out, F4 (Flyball, 4D, EV 88.8 MPH)
Batting: RHB Christopher Hudson 0-0: Called Strike
0-1: Swinging Strike
0-2: Ball
1-2: Fly out, F8 (Flyball, 8RD, EV 74.4 MPH)
Bottom of the 2nd over - 0 runs, 1 hit, 0 errors, 2 left on base; Shreveport 0 - El Paso 0
TOP OF THE 3RD
Shreveport Braves batting - Pitching for El Paso Sun Kings : RHP Charlie Puleo
Batting: LHB Pete Bazan 0-0: Ball
1-0: Swinging Strike
1-1: Ground out 1-4-3 (Groundball, 15S, EV 96.3 MPH)
Batting: LHB Rusty McNealy 0-0: Ball
1-0: Foul Ball, location: 2F
1-1: Ball
2-1: Foul Ball, location: 2F
2-2: Foul Ball, location: 2F
2-2: Foul Ball, location: 2F
2-2: Foul Ball, location: 2F
2-2: Ball
3-2: Fly out, F8 (Flyball, 8LD, EV 95.0 MPH)
Batting: LHB Jim Watkins 0-0: Called Strike
0-1: Ball
1-1: Swinging Strike
1-2: Fly out, F7 (Flyball, 7LM, EV 93.1 MPH)
Top of the 3rd over - 0 runs, 0 hits, 0 errors, 0 left on base; Shreveport 0 - El Paso 0
BOTTOM OF THE 3RD
El Paso Sun Kings batting - Pitching for Shreveport Braves : RHP Ken Dixon
Pitching: RHP Cecilio Guante
Batting: RHB Lance Ediger 0-0: Ball
1-0: Swinging Strike
1-1: Ball
2-1: Foul Ball, location: 2F
2-2: Foul Ball, location: 2F
2-2: Reached on error, E5 (Groundball, 56, EV 87.5 MPH)
Batting: LHB Stanley Hendrickson 0-0: Ball
1-0: Ball
2-0: Called Strike
2-1: Swinging Strike
2-2: Fly out, F9 (Flyball, 89D, EV 79.4 MPH)
Batting: SHB Keith Thrower 0-0: Called Strike
0-1: Ball
1-1: Swinging Strike
1-2: Foul Ball, location: 2F
1-2: Ball
2-2: Ground out 5-3 (Groundball, 56, EV 80.6 MPH)
Lance Ediger to second
Pitching: RHP Jay Pettibone
Batting: RHB Chuckie Canady 0-0: Called Strike
0-1: Ball
1-1: Fly out, F8 (Flyball, 8LXD, EV 106.9 MPH)
Bottom of the 3rd over - 0 runs, 0 hits, 1 error, 1 left on base; Shreveport 0 - El Paso 0
TOP OF THE 4TH
Shreveport Braves batting - Pitching for El Paso Sun Kings : RHP Charlie Puleo
Batting: RHB Alfonso Gomez 0-0: Called Strike
0-1: SINGLE (Flyball, 78S, EV 89.4 MPH)
Batting: LHB Ronald Walker 0-0: Ball
1-0: Ball
Alfonso Gomez is caught stealing 2nd base 2-6
2-0: Called Strike
2-1: Ball
3-1: Foul Ball, location: 2F
3-2: Ground out 4-3 (Groundball, 4, EV 109.4 MPH)
Batting: RHB Glenn Walker 0-0: Ball
1-0: Foul Ball, location: 2F
1-1: Ground out U3 (Groundball, 34, EV 106.9 MPH)
Top of the 4th over - 0 runs, 1 hit, 0 errors, 0 left on base; Shreveport 0 - El Paso 0
BOTTOM OF THE 4TH
El Paso Sun Kings batting - Pitching for Shreveport Braves : RHP Jay Pettibone
Batting: LHB Franklin Lopez 0-0: Fly out, F9 (Flyball, 9LS, EV 95.0 MPH)
Batting: SHB Danny Torres 0-0: Ball
1-0: Ball
2-0: Called Strike
2-1: Ball
3-1: Ground out 4-3 (Groundball, 4M, EV 79.4 MPH)
Batting: RHB Mike Anicich 0-0: Ball
1-0: Foul Ball, location: 2F
1-1: Ball
2-1: Ground out 1-3 (Groundball, 15, EV 75.0 MPH)
Bottom of the 4th over - 0 runs, 0 hits, 0 errors, 0 left on base; Shreveport 0 - El Paso 0
TOP OF THE 5TH
Shreveport Braves batting - Pitching for El Paso Sun Kings : RHP Charlie Puleo
Batting: RHB Scott Ullger 0-0: Ball
1-0: Called Strike
1-1: Ball
2-1: Swinging Strike
2-2: Foul Ball, location: 2F
2-2: SINGLE (Flyball, 8LS, EV 92.5 MPH)
Batting: RHB Les Pearsey 0-0: Ball
1-0: Called Strike
1-1: Ball
2-1: Swinging Strike
2-2: Strikes out looking
Batting: RHB Jeff Matthews 0-0: Called Strike
0-1: Ball
1-1: Ball
2-1: Foul Ball, location: 2F
2-2: Grounds into double play, 4-6-3 (Groundball, 34, EV 88.8 MPH)
Top of the 5th over - 0 runs, 1 hit, 0 errors, 0 left on base; Shreveport 0 - El Paso 0
BOTTOM OF THE 5TH
El Paso Sun Kings batting - Pitching for Shreveport Braves : RHP Jay Pettibone
Batting: SHB Wayne Stone 0-0: Called Strike
0-1: Ball
1-1: Bunted foul
1-2: Ball
2-2: Ground out 6-3 (Groundball, 6, EV 106.9 MPH)
Batting: RHB Christopher Hudson 0-0: Fly out, F9 (Flyball, 89XD, EV 96.3 MPH)
Batting: RHB Lance Ediger 0-0: Fly out, F6 (Popup, 6, EV 75.6 MPH)
Bottom of the 5th over - 0 runs, 0 hits, 0 errors, 0 left on base; Shreveport 0 - El Paso 0
TOP OF THE 6TH
Shreveport Braves batting - Pitching for El Paso Sun Kings : RHP Charlie Puleo
Batting: LHB Pete Bazan 0-0: Called Strike
0-1: SINGLE (Flyball, 56D, EV 89.4 MPH)
Batting: LHB Rusty McNealy 0-0: Ball
1-0: Fly out, F8 (Line Drive, 8RD, EV 89.4 MPH)
Batting: LHB Jim Watkins 0-0: Called Strike
0-1: Called Strike
0-2: Grounds into double play, 4-6-3 (Groundball, 4, EV 108.8 MPH)
Top of the 6th over - 0 runs, 1 hit, 0 errors, 0 left on base; Shreveport 0 - El Paso 0
BOTTOM OF THE 6TH
El Paso Sun Kings batting - Pitching for Shreveport Braves : RHP Jay Pettibone
Batting: LHB Stanley Hendrickson 0-0: Ball
1-0: Ball
2-0: Called Strike
2-1: Foul Ball, location: 2F
2-2: Foul Ball, location: 2F
2-2: Fly out, F7 (Flyball, 7LD, EV 103.8 MPH)
Batting: SHB Keith Thrower 0-0: Called Strike
0-1: Called Strike
0-2: Ball
1-2: Fly out, F8 (Flyball, 8LD, EV 107.5 MPH)
Batting: RHB Chuckie Canady 0-0: Called Strike
0-1: Swinging Strike
0-2: Ball
1-2: SINGLE (Line Drive, 4MD, EV 101.9 MPH)
Batting: LHB Franklin Lopez 0-0: Called Strike
0-1: Called Strike
Chuckie Canady steals 2nd base (no throw)
0-2: Ball
1-2: Foul Ball, location: 2F
1-2: Foul Ball, location: 2F
1-2: Foul Ball, location: 2F
1-2: Foul Ball, location: 2F
1-2: Foul Ball, location: 2F
1-2: Ground out 5-3 (Groundball, 56, EV 79.4 MPH)
Bottom of the 6th over - 0 runs, 1 hit, 0 errors, 1 left on base; Shreveport 0 - El Paso 0
TOP OF THE 7TH
Shreveport Braves batting - Pitching for El Paso Sun Kings : RHP Charlie Puleo
Batting: RHB Alfonso Gomez 0-0: Ball
1-0: Ball
2-0: Ground out 6-3 (Groundball, 56, EV 86.9 MPH)
Batting: LHB Ronald Walker 0-0: Ground out 6-3 (Groundball, 6, EV 83.1 MPH)
Batting: RHB Glenn Walker 0-0: Ground out 3-1 (Groundball, 34, EV 85.6 MPH)
Top of the 7th over - 0 runs, 0 hits, 0 errors, 0 left on base; Shreveport 0 - El Paso 0
BOTTOM OF THE 7TH
El Paso Sun Kings batting - Pitching for Shreveport Braves : RHP Jay Pettibone
Batting: SHB Danny Torres 0-0: Ball
1-0: SINGLE (Groundball, 4MD, EV 97.5 MPH)
Pitching: LHP Stan Hawkins
Batting: RHB Mike Anicich 0-0: Foul Ball, location: 2F
0-1: Swinging Strike
0-2: Ball
1-2: DOUBLE (Line Drive, 3D, EV 96.3 MPH)
Danny Torres to third
Batting: SHB Wayne Stone 0-0: Ball
1-0: Called Strike
1-1: Swinging Strike
1-2: SINGLE (Line Drive, 7S, EV 102.5 MPH)
Danny Torres scores
Mike Anicich to third
Batting: RHB Christopher Hudson 0-0: Ball
1-0: Called Strike
1-1: Ball
2-1: SINGLE (Line Drive, 78M, EV 109.4 MPH)
Mike Anicich scores
Wayne Stone to second
Runner from 2nd tries for 3rd, SAFE, throw by CF made to third
Batting: RHB Lance Ediger 0-0: Ball
1-0: Ball
2-0: Swinging Strike
2-1: Fly out, F5 (Popup, 5SF, EV 69.4 MPH)
Batting: LHB Stanley Hendrickson 0-0: Ball
1-0: Called Strike
1-1: SINGLE (Groundball, 6D, EV 104.4 MPH)
Wayne Stone scores
Christopher Hudson to second
Batting: SHB Keith Thrower 0-0: Foul Ball, location: 2F
0-1: Ball
1-1: Foul Ball, location: 2F
1-2: Ball
2-2: Ball
3-2: SINGLE (Groundball, 5S, EV 67.5 MPH) (infield hit)
Christopher Hudson to third
Stanley Hendrickson to second
Batting: RHB Chuckie Canady 0-0: Ball
1-0: Ball
2-0: Single, Error in OF, E8, batter to second base (Groundball, 6D, EV 103.1 MPH)
Christopher Hudson scores
Stanley Hendrickson scores
Keith Thrower to third
Pitching: RHP Philip Costello
Batting: LHB Franklin Lopez 0-0: Called Strike
0-1: Ball
1-1: Ground out 5-3 (Groundball, 5S, EV 80.6 MPH)
Batting: SHB Danny Torres 0-0: Called Strike
0-1: Ball
Wild Pitch!
Keith Thrower scores
Chuckie Canady to third
1-1: Foul Ball, location: 2F
1-2: Ground out 4-3 (Groundball, 4M, EV 85.6 MPH)
Bottom of the 7th over - 6 runs, 7 hits, 1 error, 1 left on base; Shreveport 0 - El Paso 6
TOP OF THE 8TH
Shreveport Braves batting - Pitching for El Paso Sun Kings : RHP Charlie Puleo
Batting: RHB Scott Ullger 0-0: Ground out 3-1 (Groundball, 34, EV 98.8 MPH)
Batting: RHB Les Pearsey 0-0: Called Strike
0-1: Ground out 6-3 (Groundball, 6, EV 106.3 MPH)
Batting: RHB Jeff Matthews 0-0: Fly out, F4 (Popup, 4S, EV 73.1 MPH)
Top of the 8th over - 0 runs, 0 hits, 0 errors, 0 left on base; Shreveport 0 - El Paso 6
BOTTOM OF THE 8TH
El Paso Sun Kings batting - Pitching for Shreveport Braves : RHP Philip Costello
Batting: RHB Mike Anicich 0-0: Fly out, F8 (Line Drive, 8RD, EV 94.4 MPH)
Batting: SHB Wayne Stone 0-0: Ball
1-0: Ball
2-0: Called Strike
2-1: Ball
3-1: SOLO HOME RUN (Line Drive, 9LD, EV 106.9 MPH), Distance : 366 ft
Batting: RHB Christopher Hudson 0-0: Ball
1-0: Ball
2-0: Ball
3-0: Called Strike
3-1: Base on Balls
Batting: RHB Lance Ediger 0-0: Ball
1-0: Foul Ball, location: 2F
1-1: Ball
2-1: Ball
3-1: Foul Ball, location: 2F
3-2: SINGLE (Groundball, 6D, EV 96.9 MPH)
Christopher Hudson to second
Pinch Hitting: RHB William Cline 0-0: Foul Ball, location: 2F
0-1: Reached on error, E4 (Groundball, 4M, EV 83.8 MPH)
Christopher Hudson to third
Lance Ediger to second
Batting: SHB Keith Thrower 0-0: Ball
1-0: Ball
2-0: Ball
3-0: Called Strike
3-1: Called Strike
3-2: Fielders Choice at 2nd, 6-4 (Groundball, 6M, EV 84.4 MPH)
Christopher Hudson scores
Lance Ediger to third
Batting: RHB Chuckie Canady 0-0: Called Strike
0-1: Ball
1-1: Foul Ball, location: 2F
1-2: Foul Ball, location: 2F
1-2: Foul Ball, location: 2F
Pickoff Throw to First - Error! E1
Lance Ediger scores
Keith Thrower to second
1-2: Foul Ball, location: 2F
1-2: Ball
2-2: Foul Ball, location: 2F
2-2: DOUBLE (Groundball, 5L, EV 103.8 MPH)
Keith Thrower scores
Batting: LHB Franklin Lopez 0-0: Ball
1-0: Foul Ball, location: 2F
1-1: Foul Ball, location: 2F
1-2: Ball
2-2: DOUBLE (Flyball, 7LD, EV 91.9 MPH)
Chuckie Canady scores
Pitching: RHP Dave Renderos
Batting: SHB Danny Torres 0-0: Called Strike
0-1: Ball
1-1: Ground out U3 (Groundball, 34, EV 105.6 MPH)
Bottom of the 8th over - 5 runs, 4 hits, 2 errors, 1 left on base; Shreveport 0 - El Paso 11
TOP OF THE 9TH
Shreveport Braves batting - Pitching for El Paso Sun Kings : RHP Charlie Puleo
Now in LF: Jimmy Waugh
Batting: LHB Pete Bazan 0-0: Ball
1-0: Foul Ball, location: 2F
1-1: Called Strike
1-2: Ground out 4-3 (Groundball, 4S, EV 80.0 MPH)
Batting: LHB Rusty McNealy 0-0: Ball
1-0: Ball
2-0: Ball
3-0: Base on Balls
Batting: LHB Jim Watkins 0-0: Foul Ball, location: 2F
0-1: Ball
1-1: Ball
2-1: Fielders Choice at 2nd, 4-6 (Groundball, 34, EV 88.1 MPH)
Pinch Hitting: RHB Thomas Popovich 0-0: Called Strike
0-1: Ground out 5-3 (Groundball, 56S, EV 85.6 MPH)
Top of the 9th over - 0 runs, 0 hits, 0 errors, 1 left on base; Shreveport 0 - El Paso 11
Wednesday, August 12th, 2020 - OOTP Baseball 21.5 Build 76